 Dungeon Crawl Stone Soup version 0.22.1-2-g9c5b331383 (webtiles) character file.

10694 McKennaii the Zephyrmancer (level 11, -2/57 HPs)
             Began as a Tengu Air Elementalist on Dec 25, 2018.
             Was an Elder of Sif Muna.
             Killed from afar by a gargoyle (8 damage)
             ... with a stone arrow
             ... on level 11 of the Dungeon.
             The game lasted 00:35:54 (12576 turns).

McKennaii the Zephyrmancer (TeAE)                  Turns: 12576, Time: 00:35:55

Health: -2/57      AC:  6    Str: 16    XL:     11   Next: 66%
Magic:  4/24       EV: 14    Int: 19    God:    Sif Muna [****..]
Gold:   574        SH:  0    Dex: 14    Spells: 14/27 levels left

rFire    . . .     SeeInvis .   z - +8 long sword "Eryaff" {elec, Str+7}
rCold    . . .     Gourm    .   (no shield)
rNeg     . . .     Faith    .   u - +2 robe {MR+}
rPois    .         Spirit   .   v - +1 hat
rElec    .         Reflect  .   n - +0 cloak (curse)
rCorr    .         Harm     .   (no gloves)
MR       ++...                  (boots unavailable)
Stlth    +++.......             (no amulet)
HPRegen  0.19/turn              F - ring of stealth
MPRegen  0.19/turn              C - ring of protection from magic

@: no status effects
A: beak, talons 3, able to fly 1
a: Fly, Divine Energy, Channel Magic, Forget Spell, Renounce Religion


You were on level 11 of the Dungeon.
You worshipped Sif Muna.
Sif Muna was greatly pleased with you.
You were hungry.

You visited 2 branches of the dungeon, and saw 12 of its levels.

You collected 574 gold pieces.

Inventory:

Hand Weapons
 z - the +8 long sword "Eryaff" (weapon) {elec, Str+7}
   (You found it on level 8 of the Dungeon)

   Occasionally, upon striking a foe, it will discharge some electrical energy
   and cause terrible harm.
   It affects your strength (+7).
Armour
 n - a cursed +0 cloak (worn)
 u - a +2 robe of magic resistance (worn)
 v - a +1 hat (worn)
Jewellery
 q - an uncursed ring of see invisible
 C - a ring of protection from magic (right hand)
 E - an uncursed ring of wizardry {unknown}
 F - a ring of stealth (left hand)
Wands
 a - a wand of paralysis (15)
 s - a wand of scattershot (3)
 w - a wand of polymorph (11)
 B - a wand of acid (8)
Scrolls
 f - 4 scrolls of remove curse
 g - 5 scrolls of magic mapping
 h - 3 scrolls of amnesia
 j - a scroll of enchant armour {unknown}
 k - 3 scrolls of identify
 l - 6 scrolls of blinking {unknown}
 m - 2 scrolls of fog
 o - 8 scrolls of teleportation
 p - 2 scrolls of immolation
 t - a scroll of fear {unknown}
 y - a scroll of torment {unknown}
 D - a scroll of enchant weapon {unknown}
 I - a scroll of random uselessness {unknown}
Potions
 b - 2 potions of lignification
 d - 5 potions of curing
 e - 2 potions of might
 i - 2 potions of mutation {unknown}
 r - 2 potions of flight {unknown}
 x - 2 potions of haste
 A - a potion of agility
 G - a potion of magic {unknown}
 H - a potion of invisibility {unknown}
 J - a potion of heal wounds {unknown}
 L - 9 potions of degeneration
Comestibles
 c - 19 rations
 K - 2 chunks of flesh


   Skills:
 + Level 2.3 Fighting
 + Level 4.9 Long Blades
 + Level 3.6 Dodging
 + Level 3.1 Stealth
 + Level 0.4 Unarmed Combat
 * Level 8.9 Spellcasting
 * Level 12.2 Conjurations
 * Level 13.5 Air Magic
 + Level 0.4 Evocations


You had 14 spell levels left.
You knew the following spells:

 Your Spells              Type           Power        Failure   Level  Hunger
a - Shock                 Conj/Air       ####         1%          1    None
b - Swiftness             Chrm/Air       ####....     1%          2    None
c - Lightning Bolt        Conj/Air       ######....   1%          5    #####..
d - Fireball              Conj/Fire      ####......   19%         5    #####..

Your spell library contained the following spells:

 Spells                   Type           Power        Failure   Level  Hunger
 Flame Tongue             Conj/Fire      ####.        1%          1    None
 Throw Flame              Conj/Fire      ####..       1%          2    None
 Conjure Flame            Conj/Fire      ####....     1%          3    None
 Static Discharge         Conj/Air       ######..     1%          3    None
 Airstrike                Air            ######....   1%          4    ###....
 Sticky Flame             Conj/Fire      ####....     7%          4    ###....
 Inner Flame              Hex/Fire       #.......     26%         3    None


Dungeon Overview and Level Annotations

Branches:
Dungeon (11/15)            Temple (1/1) D:6            Lair (0/6) D:9
    Orc (0/2) D:11

Altars:
Ashenzari
Cheibriados
Dithmenos
Elyvilon
Fedhas
Gozag
Hepliaklqana
Kikubaaqudgha
Makhleb
Nemelex Xobeh
Okawaru
Qazlal
Ru
Sif Muna
Trog
Uskayaw
Vehumet
Wu Jian
Xom
Yredelemnul
Zin
The Shining One
Lugonu

Shops:
D:6 [**   D:7 }


Innate Abilities, Weirdness & Mutations

You have a beak for a mouth.
You have claws for feet.
You can fly.


Message History

The gargoyle hurls a stone arrow at you.
The stone arrow hits you!
* * * LOW HITPOINT WARNING * * *
Casting: Lightning Bolt (safe; 1% risk of failure)
Confirm with . or Enter, or press ? or * to list all spells.
Aiming: Shock (safe; 1% risk of failure)
Press: ? - help, Shift-Dir - straight line The zap hits the gargoyle.
The gargoyle appears unharmed.
The gargoyle is almost destroyed.
The zap hits the gargoyle.
The gargoyle appears unharmed.
The gargoyle is almost destroyed.
The gargoyle misses you.
Casting: Shock (safe; 1% risk of failure)
Confirm with . or Enter, or press ? or * to list all spells.
You don't have enough magic to cast that spell.
You hit the gargoyle but do no damage.
The gargoyle is almost destroyed.
The gargoyle hurls a stone arrow at you.
The stone arrow hits you!
You die...

#.......................
#..<.....#.#..#......#.#
#......#........>.......
#......# ##..9..........
######## #......).....#
#########....#.#.)...#
#.............†[)....#
#..#####.##..#)#..####
#....@9..##......##
#.#.#.#..##...####
##.......#######
#..#.#.#.# #........#
#..#.#.#.# #........#
#..##.#### ##....#


You could see a gargoyle.

Vanquished Creatures
  Gastronok (D:8)
  Erolcha (D:10)
  A two-headed ogre (D:11)
  Prince Ribbit (D:5)
  A troll (D:9)
  Grinder (D:3)
  2 hornets
  A hippogriff (D:10)
  A spriggan (D:11)
  A shadow (D:11)
  9 yaks (D:9)
  A hungry ghost (D:11)
  Edmund (D:6)
  Duvessa (D:4)
  6 orc warriors
  2 porcupines (D:9)
  A swamp drake (D:11)
  2 ice beasts
  2 phantoms
  2 black bears
  2 sky beasts (D:8)
  4 ogres
  A crocodile (D:9)
  3 big kobolds
  5 bullfrogs
  A wyvern zombie (D:6)
  Dowan (D:4)
  A scorpion (D:7)
  3 wights (D:6)
  3 howler monkeys (D:10)
  A centaur zombie (D:10)
  2 bullfrog zombies
  2 crimson imps
  A quasit (D:9)
  2 hounds
  A jelly (D:8)
  10 orc priests
  4 bullfrog skeletons
  4 iguanas
  Jessica (D:3)
  12 orc wizards
  6 worker ants
  A hound zombie (D:9)
  2 hound skeletons
  A worker ant zombie (D:8)
  3 gnolls (D:4)
  12 adders
  5 shadow imps
  An adder skeleton (D:9)
  A worm (D:2)
  4 dart slugs
  7 leopard geckos
  47 orcs
  9 bats
  4 giant cockroaches
  9 hobgoblins
  14 jackals
  9 quokkas
  3 ball pythons
  3 frilled lizards
  2 gnoll zombies (D:3)
  5 goblins
  A jackal zombie (D:8)
  38 kobolds
  2 leopard gecko zombies
  2 quokka skeletons
  12 rats
  A fungus (D:9)
  3 plants (D:6)
309 creatures vanquished.

Vanquished Creatures (others)
  13 fungi (D:9)
13 creatures vanquished.

Grand Total: 322 creatures vanquished

Notes
Turn   | Place    | Note
-------+----------+-------------------------------------------
     0 | D:1      | McKennaii the Tengu Air Elementalist began the quest for
                  | the Orb.
     0 | D:1      | Reached XP level 1. HP: 10/10 MP: 4/4
   192 | D:1      | Reached XP level 2. HP: 14/15 MP: 3/6
   490 | D:1      | Reached XP level 3. HP: 18/19 MP: 0/7
  1311 | D:2      | Reached skill level 5 in Air Magic
  1631 | D:2      | Reached XP level 4. HP: 24/24 MP: 2/8
  2340 | D:3      | Gained mutation: You can fly. [Tengu growth]
  2340 | D:3      | Reached XP level 5. HP: 18/28 MP: 1/10
  2564 | D:3      | Found a basalt altar of Yredelemnul.
  2752 | D:3      | Reached skill level 5 in Conjurations
  2966 | D:3      | Noticed Jessica
  2973 | D:3      | Killed Jessica
  2973 | D:3      | Reached skill level 6 in Air Magic
  2973 | D:3      | Reached XP level 6. HP: 32/32 MP: 4/11
  2980 | D:3      | Found a white marble altar of Elyvilon.
  2983 | D:3      | Noticed Grinder
  3475 | D:4      | Reached skill level 7 in Air Magic
  3487 | D:4      | Found a shadowy altar of Dithmenos.
  3783 | D:4      | Noticed a phantom
  3789 | D:4      | Killed a phantom
  3789 | D:4      | Reached XP level 7. HP: 36/36 MP: 0/12
  3841 | D:4      | Noticed Duvessa
  3866 | D:4      | Killed Duvessa
  3884 | D:4      | Noticed Dowan
  3893 | D:4      | Killed Dowan
  3997 | D:4      | Found a hide-covered altar of Uskayaw.
  4237 | D:4      | Found an ornate altar of the Wu Jian Council.
  4290 | D:4      | Reached skill level 8 in Air Magic
  4306 | D:5      | Entered Level 5 of the Dungeon
  4497 | D:5      | Found a stormy altar of Qazlal.
  4518 | D:5      | Noticed Prince Ribbit
  4528 | D:5      | Killed Prince Ribbit
  4528 | D:5      | Reached XP level 8. HP: 31/42 MP: 4/14
  4686 | D:5      | Reached skill level 9 in Air Magic
  5506 | D:3      | Paralysed by Grinder for 5 turns
  5523 | D:3      | Killed Grinder
  5676 | D:3      | Learned a level 2 spell: Swiftness
  5682 | D:3      | Learned a level 5 spell: Lightning Bolt
  5771 | D:6      | Found a stormy altar of Qazlal.
  5801 | D:6      | Reached skill level 10 in Air Magic
  5949 | D:6      | Found an ancient bone altar of Kikubaaqudgha.
  5960 | D:6      | Found an iron altar of Okawaru.
  5971 | D:6      | Found Zin's Purification Station.
  5972 | D:6      | Found a glowing silver altar of Zin.
  5986 | D:6      | Found a bloodstained altar of Trog.
  6005 | D:6      | Reached XP level 9. HP: 46/46 MP: 11/17
  6131 | D:6      | Reached skill level 5 in Spellcasting
  6356 | D:6      | Noticed Edmund
  6367 | D:6      | Killed Edmund
  6430 | D:6      | Reached skill level 1 in Long Blades
  6479 | D:6      | Found a staircase to the Ecumenical Temple.
  6710 | Temple   | Entered the Ecumenical Temple
  6739 | Temple   | Became a worshipper of Sif Muna the Loreminder
  6939 | D:6      | Found Gozag's Platinum Reserve.
  6959 | D:6      | Found a hazy altar of Hepliaklqana.
  6966 | D:6      | Found a burning altar of Makhleb.
  6994 | D:6      | Found Vewag's Antique Armour Shop.
  7025 | D:6      | Found an opulent altar of Gozag.
  7934 | D:7      | Reached skill level 11 in Air Magic
  8319 | D:7      | Found a glowing golden altar of the Shining One.
  8379 | D:7      | Found a blossoming altar of Fedhas.
  8423 | D:7      | Reached * piety under Sif Muna
  8534 | D:7      | Found a radiant altar of Vehumet.
  8576 | D:7      | Found Ixozenk's Gadget Shoppe.
  8648 | D:7      | Found a bloodstained altar of Trog.
  9032 | D:8      | Reached skill level 1 in Fighting
  9072 | D:8      | Got a dazzling long sword
  9073 | D:8      | Identified the +8 long sword "Eryaff" {elec, Str+7} (You
                  | found it on level 8 of the Dungeon)
  9095 | D:8      | Noticed a hornet
  9097 | D:8      | Killed a hornet
  9106 | D:8      | Reached XP level 10. HP: 52/52 MP: 7/20
  9153 | D:8      | Noticed Gastronok
  9308 | D:8      | Found a hazy altar of Hepliaklqana.
  9353 | D:8      | Killed Gastronok
  9353 | D:8      | Reached ** piety under Sif Muna
  9353 | D:8      | Reached skill level 10 in Conjurations
  9353 | D:8      | Reached skill level 12 in Air Magic
 10114 | D:9      | Reached *** piety under Sif Muna
 10250 | D:9      | Reached XP level 11. HP: 57/57 MP: 3/23
 10254 | D:9      | Reached skill level 13 in Air Magic
 10492 | D:9      | Found a staircase to the Lair.
 10974 | D:10     | Entered Level 10 of the Dungeon
 11461 | D:10     | Learned a level 5 spell: Fireball
 11603 | D:10     | Noticed Erolcha
 11606 | D:10     | Killed Erolcha
 11996 | D:11     | Reached **** piety under Sif Muna
 12179 | D:11     | Found a staircase to the Orcish Mines.
 12193 | D:11     | Noticed a two-headed ogre
 12204 | D:11     | Killed a two-headed ogre
 12576 | D:11     | Killed from afar by a gargoyle

Skill      XL: |  1  2  3  4  5  6  7  8  9 10 11 |
---------------+----------------------------------+-----
Conjurations   | 2 3 5 7 8 9 11 12 | 12.2
Air Magic      | 5 6 7 8 10 11 12 13 | 13.5
Spellcasting   | 3 4 6 7 8 |  8.9
Long Blades    | 2 4 |  4.9
Fighting       | 1 2 |  2.3
Dodging        | 3 |  3.6
Stealth        | 3 |  3.1
Unarmed Combat | |  0.4
Evocations     | |  0.4

Action                   |  1- 3 |  4- 6 |  7- 9 | 10-12 || total
-------------------------+-------+-------+-------+-------++-------
Melee: Unarmed           |    14 |     7 |       |       ||    21
       Kick              |     3 |     4 |    30 |    27 ||    64
       Peck              |     1 |       |    21 |    12 ||    34
       Punch             |     1 |       |       |       ||     1
       Great sword       |       |       |    81 |       ||    81
       Long sword        |       |       |     1 |    66 ||    67
 Cast: Shock             |    87 |   137 |   346 |   189 ||   759
       Lightning Bolt    |       |       |     1 |    38 ||    39
 Abil: Fly               |       |     2 |       |       ||     2
Evoke: Wand              |       |       |       |     3 ||     3
  Use: Scroll            |     2 |       |     1 |     6 ||     9
       Potion            |       |     2 |       |       ||     2
  Eat: Chunk             |     2 |     9 |    12 |    18 ||    41
       Ration            |       |       |     1 |     1 ||     2
Armor: Robe              |    15 |    17 |    23 |    30 ||    85
Dodge: Dodged            |    51 |    17 |    83 |    65 ||   216
       Rpst.: Great sword |       |       |    19 |       ||    19
       Long sword        |       |       |       |    20 ||    20
